Map: Pride of Altaris LE

Players

Kaynen - Winner!

  • Race: Zerg Zerg
  • League: Bronze

Cryvera

  • Race: Zerg Zerg
  • League: Silver

VOD

Have the link to the VOD?

Description

Yup they have us both in Bronze. Awesome.

Time

  • Played on: April 22, 2022, 2:29 a.m.
  • Length: 15:17
Show
View Real Time Build Order
Export as new Build Order

Kaynen Zerg - Winner!

Build Orders: Pool First, Lurkers 

Get SALT Encoding   

  12  0:00  Drone  
  13  0:12  Overlord  
  13  0:16  Drone  
  14  0:32  Drone x2  
  14  0:34  Drone  
  17  0:45  Spawning Pool  
  17  0:48  Drone  
  17  0:55  Extractor  
  16  0:57  Drone  
  17  1:15  Hatchery  
  16  1:33  Queen  
  16  1:35  Zergling x6  
  21  1:50  Drone  
  22  1:59  Overlord  
  22  2:04  Metabolic Boost  
  22  2:08  Overlord  
  22  2:17  Queen  
  22  2:20  Drone  
  25  2:31  Drone x2  
  27  2:39  Zergling x2  
  28  2:52  Zergling x8  
  28  2:53  Zergling x2  
  33  3:00  Roach Warren  
  32  3:07  Queen  
  32  3:09  Drone x2  
  36  3:18  Evolution Chamber  
  35  3:25  Drone x4  
  39  3:35  Drone x3  
  41  3:47  Zerg Missile Weapons Level 1  
  40  4:02  Evolution Chamber  
  39  4:03  Drone x5  
  39  4:05  Overlord  
  39  4:06  Overlord  
  44  4:24  Lair  
  44  4:27  Drone x5  
  44  4:28  Extractor  
  48  4:46  Hatchery  
  47  5:01  Roach x6  
  47  5:03  Overlord  
  59  5:11  Zerg Melee Weapons Level 1  
  59  5:12  Drone  
  60  5:19  Extractor  
  60  5:20  Extractor  
  55  5:42  Roach x6  
  67  5:50  Hatchery  
  67  5:51  Evolution Chamber  
  65  5:57  Spore Crawler  
  65  5:59  Spore Crawler  
  65  6:00  Drone x4  
  67  6:19  Overlord  
  67  6:20  Overlord x4  
  67  6:26  Glial Reconstitution  
  67  6:28  Hydralisk Den  
  69  6:40  Drone x6  
  72  6:53  Roach x2  
  72  6:54  Roach x2  
  80  6:59  Ravager x3  
  83  7:08  Drone x5  
  83  7:15  Queen  
  88  7:29  Roach x6  
  96  7:33  Roach x2  
  100  7:56  Roach  
  100  7:57  Roach x2  
  106  8:00  Spine Crawler  
  106  8:01  Overlord x3, Spine Crawler  
  104  8:11  Hydralisk x2  
  106  8:28  Roach x7  
  106  8:32  Ravager  
  106  8:33  Ravager x4  
  123  8:43  Drone x6  
  129  8:59  Overlord x4  
  127  9:13  Hydralisk  
  127  9:14  Hydralisk x2  
  129  9:20  Hydralisk x3  
  135  9:31  Ravager  
  135  9:33  Ravager  
  135  9:35  Ravager  
  135  9:36  Ravager  
  135  9:37  Ravager  
  140  9:44  Hydralisk x3  
  146  9:49  Overseer  
  146  9:53  Hatchery  
  130  10:25  Hydralisk x2  
  130  10:26  Hydralisk x6  
  144  10:37  Drone x2  
  144  10:38  Drone x13  
  159  10:43  Extractor  
  159  10:46  Extractor  
  159  10:48  Drone x3  
  159  10:49  Drone x2  
  162  10:53  Grooved Spines  
  162  11:09  Overlord x4  
  162  11:12  Ravager  
  162  11:13  Ravager  
  164  11:23  Lurker Den  
  163  11:28  Infestation Pit, Hatchery  
  161  11:45  Hydralisk  
  161  11:46  Hydralisk x4  
  171  12:04  Muscular Augments  
  153  12:14  Hydralisk x4  
  153  12:15  Hydralisk x2  
  131  12:34  Lurker x2  
  133  12:40  Lurker  
  134  13:07  Hydralisk x4, Spine Crawler  
  134  13:08  Spine Crawler  
  134  13:11  Lurker  
  141  13:15  Spore Crawler, Extractor  
  141  13:19  Extractor  
  138  13:25  Hydralisk x5  
  148  13:37  Hydralisk x4  
  148  14:00  Hydralisk x8  
  156  14:08  Hydralisk x2  
  130  14:25  Roach  
  130  14:26  Roach x11  
  150  14:49  Drone x6  
  156  14:59  Lurker  
  175  15:06  Hatchery  
Show
View Real Time Build Order
Export as new Build Order

Cryvera Zerg 

Build Orders: Pool First 

Get SALT Encoding   

  12  0:00  Drone  
  13  0:11  Drone  
  14  0:18  Overlord  
  14  0:23  Drone, Extractor  
  15  0:37  Drone x2  
  15  0:40  Extractor  
  16  0:45  Drone  
  17  0:52  Spawning Pool  
  17  0:57  Drone  
  17  1:03  Spawning Pool  
  17  1:07  Drone  
  18  1:29  Drone  
  18  1:32  Hatchery  
  18  1:49  Metabolic Boost  
  18  1:50  Queen  
  18  1:53  Zergling x2  
  21  1:59  Overlord  
  21  2:07  Zergling x2  
  22  2:17  Zergling x4  
  24  2:25  Queen  
  26  2:32  Zergling x2  
  26  2:36  Overlord  
  26  2:44  Queen  
  26  2:46  Zergling x2  
  26  2:50  Zergling x2  
  30  3:00  Zergling x8  
  34  3:10  Baneling Nest  
  34  3:11  Zergling x2  
  34  3:29  Drone x5  
  39  3:39  Zergling x2  
  39  3:40  Zergling x4  
  42  3:51  Drone  
  42  3:53  Roach Warren  
  42  3:56  Baneling x4  
  42  4:08  Drone x2  
  42  4:09  Overlord  
  44  4:25  Evolution Chamber, Drone  
  44  4:26  Overlord  
  44  4:29  Drone x4  
  48  4:41  Roach x2  
  52  4:48  Roach  
  52  4:49  Roach x2  
  58  4:59  Extractor  
  57  5:01  Drone x3  
  60  5:16  Zerg Missile Weapons Level 1  
  60  5:27  Overlord  
  60  5:28  Overlord  
  57  5:39  Roach  
  57  5:41  Overlord x2  
  59  5:48  Drone x4  
  59  5:49  Drone x2  
  65  6:02  Hatchery  
  64  6:09  Drone x5  
  69  6:12  Roach  
  69  6:13  Extractor  
  70  6:20  Drone x2  
  70  6:21  Evolution Chamber  
  71  6:29  Extractor  
  70  6:47  Queen  
  70  6:51  Drone x2  
  70  6:52  Spine Crawler, Drone x4  
  70  6:54  Spine Crawler, Roach  
  78  6:58  Spine Crawler  
  78  7:01  Lair  
  77  7:02  Zerg Ground Armor Level 1  
  76  7:26  Roach x5  
  76  7:27  Roach x2  
  72  7:41  Drone x5  
  77  7:49  Roach  
  76  8:13  Ravager x3  
  76  8:17  Roach  
  76  8:18  Roach x5  
  87  8:21  Queen  
  86  8:44  Roach  
  86  8:45  Roach x6  
  86  8:51  Queen x2  
  84  8:57  Roach x2, Queen  
  84  9:02  Ravager x6  
  79  9:11  Roach x3  
  79  9:12  Roach  
  84  9:17  Roach  
  86  9:29  Queen  
  86  9:31  Spine Crawler  
  87  9:32  Spine Crawler, Queen  
  87  9:36  Zerg Missile Weapons Level 2  
  88  9:44  Roach x5  
  98  9:46  Overlord  
  98  10:02  Hydralisk Den  
  95  10:14  Roach x7  
  92  10:15  Roach x2  
  101  10:25  Roach x2  
  99  10:34  Hatchery  
  98  10:45  Roach  
  98  10:46  Spine Crawler  
  98  10:47  Spine Crawler  
  98  10:48  Spine Crawler  
  97  10:57  Hydralisk, Muscular Augments  
  99  11:04  Spire, Queen  
  100  11:20  Overlord x3  
  100  11:26  Overlord x2  
  100  11:33  Overlord  
  100  11:43  Ravager x5  
  100  11:44  Ravager x5  
  110  11:47  Roach  
  110  11:48  Roach x6  
  110  11:51  Overlord x2  
  78  12:25  Hydralisk  
  78  12:26  Hydralisk x8  
  96  12:40  Hydralisk x2  
  100  12:46  Drone x2  
  100  12:47  Drone  
  100  12:51  Drone x4  
  107  12:54  Hydralisk  
  109  13:00  Lurker Den, Drone x2  
  109  13:02  Grooved Spines  
  110  13:16  Hydralisk x4  
  118  13:28  Drone  
  118  13:29  Drone  
  120  13:35  Hydralisk  
  120  13:36  Hydralisk, Hatchery  
  120  13:39  Overlord  
  120  13:41  Roach  
  125  13:45  Ravager x2  
  120  14:00  Overseer  
  82  14:21  Corruptor  
  82  14:23  Spine Crawler, Roach x4  
  82  14:24  Spine Crawler, Roach x2  
  72  14:25  Spine Crawler  
  72  14:29  Queen  
  66  14:37  Overseer x2  
  65  14:44  Hydralisk  
  65  14:45  Hydralisk x3  
Tags
 
Add a new tag
Caveats
  • Supply blocks, unpowered buildings, or Contaminate may cause inaccurate times.
  • Supply counts are checked every 10 seconds.